TOP OF THE 1ST |
Gresham Gold Souls batting - Pitching for Santa Monica Bruins : RHP Craig Lewis
|
Pitching: RHP Craig Lewis
|
|
Batting: SHB Jesús Sosa
|
0-0: Called Strike 0-1: Foul Ball, location: 2F 0-2: Ball 1-2: Ball 2-2: Ground out 4-3 (Groundball, 4)
|
Batting: RHB Tom Hughes
|
0-0: Ball 1-0: Ball 2-0: Ball 3-0: Base on Balls
|
Batting: LHB Chance Santry
|
0-0: Called Strike 0-1: Swinging Strike 0-2: Ball 1-2: Strikes out swinging
|
Batting: LHB Nick Scott
|
0-0: Called Strike 0-1: Ball 1-1: Ball 2-1: Ground out 4-3 (Groundball, 34)
|
Top of the 1st over - 0 run(s), 0 hit(s), 0 error(s), 1 left on base; Gresham 0 - Santa Monica 0 |
BOTTOM OF THE 1ST |
Santa Monica Bruins batting - Pitching for Gresham Gold Souls : RHP Miguel Ortíz
|
Pitching: RHP Miguel Ortíz
|
|
Batting: RHB Javier González
|
0-0: Foul Ball, location: 2F 0-1: Foul Ball, location: 2F 0-2: Foul Ball, location: 2F 0-2: Foul Ball, location: 2F 0-2: Ball 1-2: DOUBLE (Groundball, 5L)
|
Batting: SHB Zach Franks
|
0-0: Ball 1-0: Foul Ball, location: 2F 1-1: Ball 2-1: SINGLE (Line Drive, 56D) Javier González to third
|
Batting: LHB Ken Phillips
|
0-0: Ball 1-0: Foul Ball, location: 2F 1-1: Ball 2-1: Foul Ball, location: 2F 2-2: Fly out, F8 (Flyball, 8LM) Runner from 3rd tags up, SCORES, no throw
|
Batting: LHB Ethan Shaw
|
0-0: Fly out, F3 (Popup, 34S)
|
Batting: RHB Jake Reeves
|
0-0: Called Strike 0-1: Fielders Choice at 2nd, 6-4 (Groundball, 6)
|
Bottom of the 1st over - 1 run(s), 2 hit(s), 0 error(s), 0 left on base; Gresham 0 - Santa Monica 1 |
TOP OF THE 2ND |
Gresham Gold Souls batting - Pitching for Santa Monica Bruins : RHP Craig Lewis
|
Batting: LHB Millard Dye
|
0-0: Swinging Strike 0-1: Ball 1-1: Called Strike 1-2: Ground out 6-3 (Groundball, 6)
|
Batting: RHB Willie Houk
|
0-0: Called Strike 0-1: Ball 1-1: Ball 2-1: Foul Ball, location: 2F 2-2: Foul Ball, location: 2F 2-2: Ball 3-2: Strikes out swinging
|
Batting: RHB Jack Snyder
|
0-0: Fly out, F9 (Flyball, 9S)
|
Top of the 2nd over - 0 run(s), 0 hit(s), 0 error(s), 0 left on base; Gresham 0 - Santa Monica 1 |
BOTTOM OF THE 2ND |
Santa Monica Bruins batting - Pitching for Gresham Gold Souls : RHP Miguel Ortíz
|
Batting: SHB Adrián Nieto
|
0-0: Ball 1-0: SINGLE (Groundball, 6MD)
|
Batting: RHB Ernest Russell
|
0-0: Foul Ball, location: 2F 0-1: Swinging Strike 0-2: Foul Ball, location: 2F 0-2: Ball 1-2: 2-RUN HOME RUN (Flyball, 7LD), Distance : 325 ft
|
Batting: RHB Bonifacio Torres
|
0-0: Ball 1-0: Foul Ball, location: 2F 1-1: Ball 2-1: Foul Ball, location: 2F 2-2: Ball 3-2: Foul Ball, location: 2F 3-2: Fly out, F8 (Flyball, 89M)
|
Batting: RHB John Nelson
|
0-0: Ball 1-0: SINGLE (Groundball, 4MD)
|
Batting: RHB Javier González
|
0-0: Ball 1-0: Called Strike 1-1: Ball 2-1: Ball 3-1: SINGLE (Groundball, 5D) John Nelson to second
|
Batting: SHB Zach Franks
|
0-0: Called Strike 0-1: Ball 1-1: Ball 2-1: Foul Ball, location: 2F 2-2: DOUBLE (Line Drive, 9D) John Nelson scores Javier González to third Runner from 3rd tries for Home, throw and OUT! Zach Franks to third
|
Batting: LHB Ken Phillips
|
0-0: Ball 1-0: Called Strike 1-1: Called Strike 1-2: Foul Ball, location: 2F 1-2: Foul Ball, location: 2F 1-2: Strikes out swinging
|
Bottom of the 2nd over - 3 run(s), 5 hit(s), 0 error(s), 1 left on base; Gresham 0 - Santa Monica 4 |
TOP OF THE 3RD |
Gresham Gold Souls batting - Pitching for Santa Monica Bruins : RHP Craig Lewis
|
Batting: LHB Ezechiele Bruno
|
0-0: Called Strike 0-1: Ball 1-1: Foul Ball, location: 2F 1-2: SINGLE (Groundball, 6D)
|
Batting: RHB David Kerr
|
0-0: Ball 1-0: SINGLE (Line Drive, 7S) Ezechiele Bruno to second
|
Batting: SHB Jesús Sosa
|
0-0: Foul Ball, location: 2F 0-1: Ball 1-1: Foul Ball, location: 2F 1-2: Strikes out swinging
|
Batting: RHB Tom Hughes
|
0-0: Ball 1-0: Foul Ball, location: 2F 1-1: Called Strike 1-2: Ball 2-2: Ground out 4-3 (Groundball, 4S) Ezechiele Bruno to third David Kerr to second
|
Batting: LHB Chance Santry
|
0-0: Foul Ball, location: 2F 0-1: Fly out, F7 (Flyball, 7S)
|
Top of the 3rd over - 0 run(s), 2 hit(s), 0 error(s), 2 left on base; Gresham 0 - Santa Monica 4 |
BOTTOM OF THE 3RD |
Santa Monica Bruins batting - Pitching for Gresham Gold Souls : RHP Miguel Ortíz
|
Batting: LHB Ethan Shaw
|
0-0: Ball 1-0: Swinging Strike 1-1: Foul Ball, location: 2F 1-2: SINGLE (Flyball, 8RS)
|
Batting: RHB Jake Reeves
|
0-0: Ball 1-0: SINGLE (Groundball, 56D) Ethan Shaw to second
|
Batting: SHB Adrián Nieto
|
0-0: Grounds into double play, 3-6-3 (Groundball, 34) Ethan Shaw to third
|
Batting: RHB Ernest Russell
|
0-0: Ball 1-0: Fly out, F9 (Flyball, 9LM)
|
Bottom of the 3rd over - 0 run(s), 2 hit(s), 0 error(s), 1 left on base; Gresham 0 - Santa Monica 4 |
TOP OF THE 4TH |
Gresham Gold Souls batting - Pitching for Santa Monica Bruins : RHP Craig Lewis
|
Batting: LHB Nick Scott
|
0-0: Ball 1-0: Swinging Strike 1-1: Foul Ball, location: 2F 1-2: Strikes out swinging
|
Batting: LHB Millard Dye
|
0-0: Ball 1-0: Ball 2-0: Ball 3-0: Base on Balls
|
Batting: RHB Willie Houk
|
0-0: Swinging Strike 0-1: Ball 1-1: Ball 2-1: Foul Ball, location: 2F 2-2: Strikes out swinging
|
Batting: RHB Jack Snyder
|
0-0: Ball 1-0: Swinging Strike 1-1: Swinging Strike 1-2: Strikes out swinging
|
Top of the 4th over - 0 run(s), 0 hit(s), 0 error(s), 1 left on base; Gresham 0 - Santa Monica 4 |
BOTTOM OF THE 4TH |
Santa Monica Bruins batting - Pitching for Gresham Gold Souls : RHP Miguel Ortíz
|
Batting: RHB Bonifacio Torres
|
0-0: Fly out, F5 (Line Drive, 5)
|
Batting: RHB John Nelson
|
0-0: Foul Ball, location: 2F 0-1: Swinging Strike 0-2: Ball 1-2: Strikes out swinging
|
Batting: RHB Javier González
|
0-0: Called Strike 0-1: Foul Ball, location: 2F 0-2: Ground out 4-3 (Groundball, 4)
|
Bottom of the 4th over - 0 run(s), 0 hit(s), 0 error(s), 0 left on base; Gresham 0 - Santa Monica 4 |
TOP OF THE 5TH |
Gresham Gold Souls batting - Pitching for Santa Monica Bruins : RHP Craig Lewis
|
Batting: LHB Ezechiele Bruno
|
0-0: Ground out 6-3 (Groundball, 6)
|
Batting: RHB David Kerr
|
0-0: Ball 1-0: Foul Ball, location: 2F 1-1: Swinging Strike 1-2: Foul Ball, location: 2F 1-2: Ball 2-2: SINGLE (Line Drive, 56D)
|
Batting: SHB Jesús Sosa
|
0-0: Called Strike 0-1: Ball 1-1: Foul Ball, location: 2F 1-2: 2-RUN HOME RUN (Flyball, 8RXD), Distance : 411 ft
|
Batting: RHB Tom Hughes
|
0-0: Ball 1-0: Ball 2-0: Called Strike 2-1: Foul Ball, location: 2F 2-2: Fly out, F8 (Flyball, 8LXD)
|
Batting: LHB Chance Santry
|
0-0: Called Strike 0-1: Ball 1-1: Ball 2-1: Called Strike 2-2: Strikes out swinging
|
Top of the 5th over - 2 run(s), 2 hit(s), 0 error(s), 0 left on base; Gresham 2 - Santa Monica 4 |
BOTTOM OF THE 5TH |
Santa Monica Bruins batting - Pitching for Gresham Gold Souls : RHP Miguel Ortíz
|
Batting: SHB Zach Franks
|
0-0: Ball 1-0: Foul Ball, location: 2F 1-1: Ball 2-1: Ball 3-1: Base on Balls
|
Batting: LHB Ken Phillips
|
0-0: Ball 1-0: Foul Ball, location: 2F 1-1: Foul Ball, location: 2F 1-2: Ball Wild Pitch! Zach Franks to second 2-2: 2-RUN HOME RUN (Flyball, 9LD), Distance : 337 ft
|
Pitching: RHP Pat Wyatt
|
|
Batting: LHB Ethan Shaw
|
0-0: Ball 1-0: Called Strike 1-1: Ball 2-1: Ball 3-1: DOUBLE (Groundball, 3L)
|
Batting: RHB Jake Reeves
|
0-0: SINGLE (Groundball, 56D) Ethan Shaw to third Runner from 3rd tries for Home, SAFE, no throw
|
Batting: SHB Adrián Nieto
|
0-0: SINGLE (Groundball, 6D) Jake Reeves to second
|
Batting: RHB Ernest Russell
|
0-0: Foul Ball, location: 2F 0-1: Fly out, F5 (Popup, 5)
|
Batting: RHB Bonifacio Torres
|
0-0: Foul Ball, location: 2F 0-1: Called Strike 0-2: Ball 1-2: Foul Ball, location: 2F 1-2: SINGLE (Line Drive, 4M) Jake Reeves to third Adrián Nieto to second
|
Batting: RHB John Nelson
|
0-0: Ball 1-0: TRIPLE (Groundball, 3L) Jake Reeves scores Adrián Nieto scores Bonifacio Torres scores
|
Pitching: RHP Jeff Hansen
|
|
Batting: RHB Javier González
|
0-0: Ball 1-0: Ground out 5-3 (Groundball, 5)
|
Batting: SHB Zach Franks
|
0-0: Called Strike 0-1: Ball 1-1: Ball 2-1: Ball 3-1: Swinging Strike 3-2: Base on Balls
|
Batting: LHB Ken Phillips
|
0-0: Fly out, F8 (Flyball, 8RM)
|
Bottom of the 5th over - 6 run(s), 6 hit(s), 0 error(s), 2 left on base; Gresham 2 - Santa Monica 10 |
TOP OF THE 6TH |
Gresham Gold Souls batting - Pitching for Santa Monica Bruins : RHP Craig Lewis
|
Batting: LHB Nick Scott
|
0-0: Ball 1-0: Foul Ball, location: 2F 1-1: Foul Ball, location: 2F 1-2: SOLO HOME RUN (Flyball, 89XD), Distance : 422 ft
|
Batting: LHB Millard Dye
|
0-0: Ground out 4-3 (Groundball, 34D)
|
Batting: RHB Willie Houk
|
0-0: Ball 1-0: Ball 2-0: Ball 3-0: Base on Balls
|
Pitching: RHP Guillermo Martínez
|
|
Batting: RHB Jack Snyder
|
0-0: SINGLE (Groundball, 3D) Willie Houk to second Runner from 2nd tries for 3rd, SAFE, throw made to third
|
Batting: LHB Ezechiele Bruno
|
0-0: Ball 1-0: Called Strike 1-1: SINGLE (Flyball, 78S) Willie Houk scores Jack Snyder to second
|
Batting: RHB David Kerr
|
0-0: Ball 1-0: Swinging Strike 1-1: Called Strike 1-2: Strikes out swinging
|
Batting: SHB Jesús Sosa
|
0-0: Ball 1-0: Ball 2-0: Ball 3-0: Base on Balls Jack Snyder to third Ezechiele Bruno to second
|
Batting: RHB Tom Hughes
|
0-0: Ball 1-0: Swinging Strike 1-1: Called Strike 1-2: Ball 2-2: Ball 3-2: Base on Balls Jack Snyder scores Ezechiele Bruno to third Jesús Sosa to second
|
Batting: LHB Chance Santry
|
0-0: Called Strike 0-1: Ball 1-1: Ball 2-1: Foul Ball, location: 2F 2-2: Ball 3-2: Fly out, F8 (Line Drive, 8LM)
|
Top of the 6th over - 3 run(s), 3 hit(s), 0 error(s), 3 left on base; Gresham 5 - Santa Monica 10 |
BOTTOM OF THE 6TH |
Santa Monica Bruins batting - Pitching for Gresham Gold Souls : RHP Jeff Hansen
|
Batting: LHB Ethan Shaw
|
0-0: SOLO HOME RUN (Flyball, 89XD), Distance : 419 ft
|
Batting: RHB Jake Reeves
|
0-0: Called Strike 0-1: Called Strike 0-2: Ball 1-2: Foul Ball, location: 2F 1-2: Foul Ball, location: 2F 1-2: Strikes out swinging
|
Batting: SHB Adrián Nieto
|
0-0: Called Strike 0-1: Ball 1-1: Ground out 6-3 (Groundball, 6)
|
Batting: RHB Ernest Russell
|
0-0: Ball 1-0: Called Strike 1-1: Called Strike 1-2: Ball 2-2: Ball 3-2: Base on Balls
|
Batting: RHB Bonifacio Torres
|
0-0: Called Strike 0-1: Ball Ernest Russell steals 2nd base 1-1: Ball 2-1: Ball 3-1: Base on Balls
|
Batting: RHB John Nelson
|
0-0: Swinging Strike 0-1: Ball 1-1: Called Strike 1-2: Ball 2-2: SINGLE (Groundball, 56S) (infield hit) Ernest Russell to third Bonifacio Torres to second
|
Batting: RHB Javier González
|
0-0: SINGLE (Groundball, 56D) Ernest Russell scores Bonifacio Torres to third John Nelson to second
|
Batting: SHB Zach Franks
|
0-0: Swinging Strike 0-1: Foul Ball, location: 2F 0-2: Strikes out swinging
|
Bottom of the 6th over - 2 run(s), 3 hit(s), 0 error(s), 3 left on base; Gresham 5 - Santa Monica 12 |
TOP OF THE 7TH |
Gresham Gold Souls batting - Pitching for Santa Monica Bruins : RHP Guillermo Martínez
|
Batting: LHB Nick Scott
|
0-0: Ball 1-0: Ball 2-0: Called Strike 2-1: Ball 3-1: Base on Balls
|
Batting: LHB Millard Dye
|
0-0: Swinging Strike 0-1: Ball 1-1: Ball 2-1: Called Strike 2-2: Ball 3-2: Base on Balls Nick Scott to second
|
Batting: RHB Willie Houk
|
0-0: Called Strike 0-1: Foul Ball, location: 2F 0-2: Ball 1-2: Ball 2-2: Foul Ball, location: 2F 2-2: Foul Ball, location: 2F 2-2: Strikes out swinging
|
Batting: RHB Jack Snyder
|
0-0: Called Strike 0-1: Ball 1-1: Ball 2-1: Foul Ball, location: 2F 2-2: Strikes out swinging
|
Batting: LHB Ezechiele Bruno
|
0-0: Ball 1-0: Called Strike 1-1: Foul Ball, location: 2F 1-2: TRIPLE (Line Drive, 34) Nick Scott scores Millard Dye scores
|
Pitching: LHP Don Sutherland
|
|
Batting: RHB David Kerr
|
0-0: Ball 1-0: Swinging Strike 1-1: Ball 2-1: Foul Ball, location: 2F 2-2: Foul Ball, location: 2F 2-2: Ball 3-2: Strikes out looking
|
Top of the 7th over - 2 run(s), 1 hit(s), 0 error(s), 1 left on base; Gresham 7 - Santa Monica 12 |
BOTTOM OF THE 7TH |
Santa Monica Bruins batting - Pitching for Gresham Gold Souls : RHP Jeff Hansen
|
Pitching: LHP Shawn Taylor
|
|
Batting: LHB Ken Phillips
|
0-0: Ground out 5-3 (Groundball, 56S)
|
Batting: LHB Ethan Shaw
|
0-0: Ball 1-0: Foul Ball, location: 2F 1-1: Ball 2-1: Called Strike 2-2: Foul Ball, location: 2F 2-2: Fly out, F1 (Line Drive, 15)
|
Batting: RHB Jake Reeves
|
0-0: Ball 1-0: Ball 2-0: Swinging Strike 2-1: Ball 3-1: Base on Balls
|
Batting: SHB Adrián Nieto
|
0-0: Ball 1-0: Foul Ball, location: 2F 1-1: SINGLE (Groundball, 6D) Jake Reeves to second
|
Batting: RHB Ernest Russell
|
0-0: Ball 1-0: Ball 2-0: Ball 3-0: Base on Balls Jake Reeves to third Adrián Nieto to second
|
Batting: RHB Bonifacio Torres
|
0-0: Foul Ball, location: 2F 0-1: Called Strike 0-2: Ball 1-2: SINGLE (Line Drive, 89M) Jake Reeves scores Adrián Nieto to third Ernest Russell to second Runner from 3rd tries for Home, SAFE, no throw
|
Batting: RHB John Nelson
|
0-0: Called Strike 0-1: Ball 1-1: Foul Ball, location: 2F 1-2: Ball 2-2: Ground out 1-3 (Groundball, 13S)
|
Bottom of the 7th over - 2 run(s), 2 hit(s), 0 error(s), 2 left on base; Gresham 7 - Santa Monica 14 |
TOP OF THE 8TH |
Gresham Gold Souls batting - Pitching for Santa Monica Bruins : LHP Don Sutherland
|
Now at 1B: Fred Ameris
|
|
Now in LF: Gonzalo Benítez
|
|
Batting: SHB Jesús Sosa
|
0-0: Ball 1-0: Ground out 1-3 (Groundball, 13)
|
Batting: RHB Tom Hughes
|
0-0: Ball 1-0: Ball 2-0: Ball 3-0: Base on Balls
|
Batting: LHB Chance Santry
|
0-0: Foul Ball, location: 2F 0-1: SINGLE (Flyball, 7S) Tom Hughes to second
|
Batting: LHB Nick Scott
|
0-0: Called Strike 0-1: Grounds into double play, 4-6-3 (Groundball, 4)
|
Top of the 8th over - 0 run(s), 1 hit(s), 0 error(s), 1 left on base; Gresham 7 - Santa Monica 14 |
BOTTOM OF THE 8TH |
Santa Monica Bruins batting - Pitching for Gresham Gold Souls : LHP Shawn Taylor
|
Batting: RHB Javier González
|
0-0: Swinging Strike 0-1: Ground out 5-3 (Groundball, 5)
|
Batting: LHB Gonzalo Benítez
|
0-0: SINGLE (Line Drive, 89S)
|
Batting: LHB Ken Phillips
|
0-0: Called Strike 0-1: Ball 1-1: Ball 2-1: Fly out, F7 (Flyball, 7)
|
Batting: LHB Ethan Shaw
|
0-0: Fly out, F8 (Line Drive, 8LM)
|
Bottom of the 8th over - 0 run(s), 1 hit(s), 0 error(s), 1 left on base; Gresham 7 - Santa Monica 14 |
TOP OF THE 9TH |
Gresham Gold Souls batting - Pitching for Santa Monica Bruins : LHP Don Sutherland
|
Batting: LHB Millard Dye
|
0-0: Called Strike 0-1: Ball 1-1: Ground out 4-3 (Groundball, 4)
|
Batting: RHB Willie Houk
|
0-0: Swinging Strike 0-1: Ball 1-1: Foul Ball, location: 2F 1-2: Ball 2-2: Fly out, F7 (Flyball, 7D)
|
Batting: RHB Jack Snyder
|
0-0: Ground out 4-3 (Groundball, 4)
|
Top of the 9th over - 0 run(s), 0 hit(s), 0 error(s), 0 left on base; Gresham 7 - Santa Monica 14 |
|